 Dungeon Crawl Stone Soup version 0.28-a0-909-g796cbd3a86 (webtiles) character file.

Game seed: 4931829962742100006

20358 ders the Convoker (level 12, -3/44 HPs)
             Began as a Felid Summoner on Nov 24, 2021.
             Was a High Priest of Elyvilon.
             Slain by a black mamba (11 damage)
             ... on level 6 of the Lair of Beasts.
             The game lasted 01:19:15 (31763 turns).

ders the Convoker (Felid Summoner)                 Turns: 31763, Time: 01:19:15

Health: -3/44      AC:  3    Str:  4    XL:     12   Next: 44%
Magic:  13/37      EV: 29    Int: 20    God:    Elyvilon [*****.]
Gold:   1948       SH:  0    Dex: 18    Spells: 16/34 levels left
                                        Lives:  0   Deaths: 4

rFire   . . .      SeeInvis +   (weapon unavailable)
rCold   + . .      Faith    .   (shield unavailable)
rNeg    . . .      Spirit   .   (armour unavailable)
rPois   .          Reflect  .   (helmet unavailable)
rElec   .          Harm     .   (cloak unavailable)
rCorr   .          Rampage  .   (gloves unavailable)
Will    ++...                   (boots unavailable)
Stlth   ++........              (no amulet)
HPRegen 0.14/turn               v - ring of magical power
MPRegen 0.25/turn               b - ring of willpower

@: quick
A: very small, claws 1, fangs 3, see invisible, speed 1, shaggy fur 3, stealthy
paws, no weapons or thrown items, no armour, multi-lived
a: Renounce Religion, Purification, Heal Other, Heal Self, Divine Vigour


You were on level 6 of the Lair of Beasts.
You worshipped Elyvilon.
Elyvilon was extremely pleased with you.
You visited 3 branches of the dungeon, and saw 17 of its levels.

You collected 1948 gold pieces.

Inventory:

Jewellery
 b - a ring of willpower (right paw)
 d - a ring of ice
 v - a ring of magical power (left paw)
 w - a ring of magical power
 z - a +6 ring of intelligence
Wands
 g - a wand of mindburst (29)
 j - a wand of paralysis (23)
 m - a wand of flame (66)
 y - a wand of acid (7)
 A - a wand of charming (8)
Scrolls
 c - 6 scrolls of identify
 e - 4 scrolls of fog
 f - 4 scrolls of magic mapping
 h - 3 scrolls of noise
 q - a scroll of holy word
 s - a scroll of teleportation
 x - 2 scrolls of amnesia
Potions
 a - 2 potions of resistance
 i - 2 potions of magic
 k - 5 potions of flight
 l - a potion of attraction
 n - 5 potions of invisibility
 o - 3 potions of curing
 r - a potion of haste
 t - a potion of berserk rage
 u - a potion of mutation
 B - a potion of degeneration {unknown}
Miscellaneous
 p - a lightning rod (4/4)
 C - a piece from Xom's chessboard (15/15)


   Skills:
 + Level 16.1 Dodging
 - Level 2.6 Stealth
 + Level 11.6 Spellcasting
 * Level 17.6 Summonings


You had 16 spell levels left.
You knew the following spells:

 Your Spells              Type           Power      Damage    Failure   Level
a - Call Canine Familiar  Summ           70%        N/A       0%          3
b - Summon Guardian Gole  Hex/Summ       46%        N/A       1%          3
c - Summon Small Mammal   Summ           100%       N/A       0%          1
d - Summon Lightning Spi  Summ/Air       46%        N/A       1%          4
e - Summon Hydra          Summ           35%        N/A       3%          7

Your spell library contained the following spells:

 Spells                   Type           Power      Damage    Failure   Level
 Call Imp                 Summ           70%        N/A       0%          2
 Summon Ice Beast         Ice/Summ       46%        N/A       1%          4
 Slow                     Hex            44%        N/A       6%          1
 Confusing Touch          Hex            11%        N/A       19%         3
 Frozen Ramparts          Ice            22%        1d4       19%         3
 Ozocubu's Armour         Ice            11%        N/A       19%         3
 Vampiric Draining        Necr           11%        2d6       19%         3
 Flame Wave               Conj/Fire      11%        3d4       52%         4
 Ice Form                 Ice/Tmut       11%        N/A       52%         4
 Metabolic Englaciation   Hex/Ice        5%         N/A       86%         5
 Simulacrum               Ice/Necr       5%         N/A       100%        6
 Ozocubu's Refrigeration  Ice            5%         4d6       100%        7


Dungeon Overview and Level Annotations

Branches:
Dungeon (10/15)            Temple (1/1) D:4            Lair (6/6) D:10
  Swamp (0/4) Lair:4        Snake (0/4) Lair:3        Slime (0/5) Lair:6
    Orc: D:9-12

Altars:
Ashenzari
Cheibriados
Dithmenos
Elyvilon
Fedhas
Gozag
Hepliaklqana
Kikubaaqudgha
Makhleb
Nemelex Xobeh
Okawaru
Qazlal
Ru
Sif Muna
Trog
Uskayaw
Vehumet
Wu Jian
Xom
Yredelemnul
Zin
The Shining One

Shops:
D:2 :   D:5 (

Annotations:
D:4 3 runed translucent doors, bande's ghost, amateur GrFi
Lair:6 2 runed translucent doors


Innate Abilities, Weirdness & Mutations

You have sharp claws.
You have razor-sharp teeth.
You have supernaturally acute eyesight. (SInv)
You cover ground quickly. (Speed+)
Your thick and shaggy fur keeps you warm. (AC +3, rC+)
Your paws help you pounce on unaware monsters.
You are incapable of wielding weapons or throwing items.
You cannot wear armour.
You gain extra lives every three experience levels.


Message History

The ball of steam misses you.
You are engulfed in a cloud of scalding steam.
The steam dragon barely misses your lightning spire.
The steam dragon claws your lightning spire.
Your warg bites the black mamba.
Casting: Summon Lightning Spire (dangerous; 1% risk of failure)
Confirm with . or Enter, or press ? or * to list all spells.
You are engulfed in a cloud of scalding steam.
Your warg disappears in a puff of smoke!
The steam dragon bites your lightning spire!
The steam dragon claws your lightning spire but does no damage.
Your lightning spire shoots out a bolt of lightning at the steam dragon!
The bolt of electricity hits the steam dragon!
You are engulfed in a cloud of scalding steam.
The black mamba misses you. The black mamba closely misses you.
The steam dragon bites your lightning spire but does no damage.
The steam dragon claws your lightning spire but does no damage.
Your warg bites the black mamba!
Your lightning spire shoots out a bolt of lightning at the steam dragon!
The bolt of electricity hits the steam dragon!
Unknown command.
Casting: Call Canine Familiar (safe; 0% risk of failure)
Confirm with . or Enter, or press ? or * to list all spells.
Okay, then.
The black mamba completely misses you.
Your warg misses the black mamba.
The steam dragon bites your lightning spire.
The steam dragon claws your lightning spire but does no damage.
The black mamba bites you!
* * * LOW HITPOINT WARNING * * *
Your lightning spire shoots out a bolt of lightning at the steam dragon!
The bolt of electricity misses the steam dragon.
Your warg barely misses the black mamba.
The steam dragon barely misses your lightning spire.
The steam dragon claws your lightning spire but does no damage.
Your warg misses the black mamba.
Your lightning spire shoots out a bolt of lightning at the steam dragon!
The bolt of electricity hits the steam dragon!
The steam dragon dies!
The black mamba bites you!
You die...

##§######.≈....§§§# ##.....
≈§##...(##≈≈....≈≈##
####..... ≈§≈ ....[
#≈≈≈....≈8###.#...... .
+..... #≈≈§....≈###.#.......
.+..D. #≈≈≈..§§§8##.##....##
.. #≈≈≈..§§≈###.P......# #..
##≈§...§§####........# ≈
#####≈≈#...§≈8##........##
≈≈≈≈≈≈§≈≈##@.≈≈###......(...
≈D≈≈###§.†S#≈≈####.....≈≈.≈.
l≈≈§..#8.h##≈## #...P.≈.....
#≈.....#§≈≈§# #...#.♣.♣≈≈≈
..#...†.#≈≈≈≈# ##....≈≈≈≈≈.≈
#.....§§≈≈## #.........≈..
.........##≈§# ##.....≈♣≈♣≈≈
........####§§# #...........
# .....#8#. §≈≈##.....P.≈≈.≈


You could see a black mamba (ally target), a friendly warg (summoned) and a
friendly lightning spire (summoned).

Vanquished Creatures
  A river rat (D:6)
  An orc (D:4)
  An endoplasm (D:2)
  3 goblins (D:3)
  A quokka (D:2)
7 creatures vanquished.

Vanquished Creatures (collateral kills)
  7 hydras
  9 death yaks (Lair:5)
  A lindwurm (Lair:6)
  5 centaur zombies
  6 black mambas
  3 elephants (Lair:6)
  A molten gargoyle (Lair:6)
  4 cane toads
  A torpor snail (Lair:4)
  A rime drake (Lair:2)
  7 komodo dragons
  A troll (D:10)
  A polar bear (Lair:1)
  A hornet (D:10)
  8 blink frogs
  2 dream sheep (Lair:5)
  2 slime creatures (Lair:6)
  A vampire (D:10)
  39 yaks
  4 humans (Lair:5)
  6 wyverns
  3 steam dragons
  Grum (D:8)
  4 basilisks (Lair:6)
  2 acid dragons
  A naga (Lair:3)
  10 water moccasins
  4 nameless horrors
  3 hell hounds (Lair:6)
  2 ice beasts (D:7)
  2 orc warriors
  A sky beast (D:7)
  2 black bears
  A necrophage (D:4)
  3 ogres
  25 wolves
  5 centaurs
  2 phantoms
  A gnoll sergeant (D:6)
  A wyvern zombie (D:6)
  20 bullfrogs
  5 scorpions
  5 killer bees (D:10)
  9 wights
  3 howler monkeys (D:9)
  6 electric eels
  3 jellies
  5 lava snakes (Lair:6)
  2 orc priests
  2 hounds
  An iron imp (D:10)
  3 centaur skeletons
  3 iguanas
  Ijyb (D:4)
  An orc wizard (D:8)
  2 hell rats
  A hound zombie (D:5)
  A howler monkey zombie (D:10)
  Robin (D:3)
  23 gnolls
  A howler monkey skeleton (D:7)
  20 river rats
  8 adders
  2 shadow imps (D:8)
  2 white imps
  An ufetubus (D:6)
  4 worms
  17 orcs
  11 ball pythons
  8 bats
  5 endoplasms
  4 giant cockroaches
  12 goblins
  8 hobgoblins
  2 jackals (D:5)
  4 quokkas
  4 frilled lizards
  7 kobolds
  7 rats
407 creatures vanquished.

Vanquished Creatures (others)
  2 death yaks (Lair:5)
  Pikel (D:5)
  An ugly thing (D:9)
  A black mamba (Lair:3)
  A cane toad (Lair:1)
  Maggie (D:7)
  4 komodo dragons
  A nameless horror (D:6)
  3 blink frogs (Lair:3)
  8 yaks
  A wraith (D:10)
  A basilisk (Lair:6)
  An orc warrior (D:10)
  A black bear (D:6)
  A necrophage (D:6)
  2 centaurs (D:10)
  An ogre (D:4)
  9 wolves
  2 lemures (D:5)
  2 bullfrogs
  A wyvern zombie (D:6)
  A scorpion (D:6)
  2 gnoll sergeants
  A wight (D:8)
  A hound (D:5)
  Crazy Yiuf (D:3)
  An iguana (D:5)
  3 hell rats
  A gnoll (D:9)
  2 goblins (D:3)
  54 fungi
  72 plants
184 creatures vanquished.

Grand Total: 598 creatures vanquished

Notes
Turn   | Place    | Note
-------+----------+-------------------------------------------
     0 | D:1      | ders the Felid Summoner began the quest for the Orb.
     0 | D:1      | Reached XP level 1. HP: 7/7 MP: 4/4
   438 | D:1      | Reached XP level 2. HP: 11/11 MP: 3/6
  1728 | D:2      | Reached XP level 3. HP: 10/14 MP: 2/7
  2242 | D:2      | Learned a level 3 spell: Call Canine Familiar
  2445 | D:2      | Found Fuanko's Book Emporium.
  3177 | D:3      | Found a faded altar of an unknown god.
  3279 | D:3      | Found a sparkling altar of Nemelex Xobeh.
  3362 | D:3      | Found a runed translucent door.
  3363 | D:3      | Noticed Crazy Yiuf
  3470 | D:3      | Learned a level 3 spell: Summon Guardian Golem
  3475 | D:3      | Found an ancient bone altar of Kikubaaqudgha.
  3501 | D:3      | Reached XP level 4. HP: 18/18 MP: 6/9
  3502 | D:3      | Noticed Robin
  3508 | D:3      | Killed Robin
  4121 | D:3      | Reached skill level 5 in Summonings
  4931 | D:3      | Reached XP level 5. HP: 21/21 MP: 10/10
  5158 | D:3      | Killed Crazy Yiuf
  5274 | D:4      | Found a runed translucent gate.
  5274 | D:4      | Found a runed translucent gate.
  5283 | D:4      | Found a runed translucent gate.
  5284 | D:4      | Noticed bande's ghost (amateur GrFi)
  5329 | D:4      | Noticed Ijyb
  5390 | D:4      | Killed Ijyb
  5545 | D:4      | Found a staircase to the Ecumenical Temple.
  5585 | Temple   | Entered the Ecumenical Temple
  5646 | Temple   | Became a worshipper of Elyvilon the Healer
  5941 | D:4      | Noticed an ogre
  5947 | D:4      | Killed an ogre
  5948 | D:4      | Reached skill level 5 in Dodging
  5948 | D:4      | Gained mutation: You are covered in thick fur. (AC +2)
                  | [Felid growth]
  5948 | D:4      | Reached XP level 6. HP: 24/24 MP: 2/12
  5992 | D:4      | Reached skill level 6 in Summonings
  6226 | D:4      | Found a radiant altar of Vehumet.
  6986 | D:5      | Entered Level 5 of the Dungeon
  6993 | D:5      | Reached XP level 7. HP: 27/27 MP: 8/13
  6995 | D:5      | Found Suikhloe's Antique Weapon Shoppe.
  7002 | D:5      | Got the Volume of Creative Flames
  7012 | D:5      | Learned a level 4 spell: Summon Lightning Spire
  7460 | D:5      | Reached skill level 7 in Summonings
  7996 | D:5      | Noticed Pikel
  8010 | D:5      | Killed Pikel
  8011 | D:5      | Reached skill level 5 in Spellcasting
  8011 | D:5      | Reached skill level 8 in Summonings
  8011 | D:5      | Reached XP level 8. HP: 31/31 MP: 1/16
  8645 | D:5      | Reached * piety under Elyvilon
  8669 | D:5      | Found a shimmering blue altar of Sif Muna.
  9160 | D:6      | Reached skill level 9 in Summonings
  9206 | D:6      | Noticed a nameless horror
  9230 | D:6      | Reached XP level 9. HP: 24/34 MP: 2/18
  9532 | D:6      | Killed a nameless horror
 10606 | D:6      | Reached skill level 10 in Summonings
 11584 | D:6      | Found the +2 ratskin cloak {*Rats rPois rN+ Str-1 Int-1
                  | Dex+1}
 12191 | D:7      | Reached ** piety under Elyvilon
 12406 | D:7      | Reached XP level 10. HP: 26/35 MP: 16/21
 12533 | D:7      | Reached skill level 11 in Summonings
 12587 | D:7      | Found a bloodstained altar of Trog.
 12594 | D:7      | Noticed Maggie
 12607 | D:7      | Killed Maggie
 12608 | D:7      | Reached skill level 10 in Dodging
 13479 | D:8      | Reached *** piety under Elyvilon
 13692 | D:8      | Noticed Grum
 13706 | D:8      | Killed Grum
 14810 | D:9      | Found a broken altar of Ashenzari.
 15168 | D:9      | HP: 1/37 [something] (16)]
 15173 | D:9      | Slain by a gnoll
 15174 | D:9      | Reached XP level 9. HP: -1/34 MP: 1/21
 15369 | D:9      | Reached skill level 12 in Summonings
 15942 | D:9      | Elyvilon protects you from harm!
 15950 | D:9      | Reached XP level 10. HP: 20/37 MP: 12/22
 16070 | D:9      | Noticed a cyan ugly thing
 16084 | D:9      | Killed a cyan ugly thing
 16345 | D:10     | Entered Level 10 of the Dungeon
 16377 | D:10     | Reached **** piety under Elyvilon
 16389 | D:10     | Learned a level 7 spell: Summon Hydra
 16876 | D:10     | Found a snail-covered altar of Cheibriados.
 16956 | D:10     | Found a shadowy altar of Dithmenos.
 16985 | D:10     | Reached skill level 13 in Summonings
 17372 | D:10     | Elyvilon protects you from harm!
 17435 | D:10     | Found a staircase to the Lair.
 18203 | Lair:1   | Entered Level 1 of the Lair of Beasts
 18449 | Lair:1   | Reached XP level 11. HP: 40/40 MP: 21/24
 18747 | Lair:1   | Noticed a four-headed hydra
 18751 | Lair:1   | Killed a four-headed hydra
 19679 | Lair:1   | Reached skill level 14 in Summonings
 20850 | Lair:1   | Succumbed to a black mamba's poison
 20851 | Lair:1   | Reached XP level 10. HP: -1/37 MP: 18/24
 20896 | Lair:2   | Noticed a cane toad
 20921 | Lair:2   | Killed a cane toad
 21302 | Lair:2   | Reached ***** piety under Elyvilon
 21330 | Lair:2   | Reached XP level 11. HP: 40/40 MP: 5/25
 22032 | Lair:2   | Noticed a nameless horror
 22591 | Lair:2   | Noticed a nameless horror
 22824 | Lair:3   | Elyvilon protects you from harm!
 23148 | Lair:3   | Found a staircase to the Snake Pit.
 23167 | Lair:3   | Killed by an exploding themself... ignited by their inner
                  | flame
 23168 | Lair:3   | Reached XP level 10. HP: -9/37 MP: 20/24
 23199 | Lair:3   | Noticed a six-headed hydra
 23205 | Lair:3   | Killed a six-headed hydra
 23206 | Lair:3   | Reached skill level 15 in Summonings
 23628 | Lair:3   | Reached skill level 10 in Spellcasting
 23748 | Lair:3   | Reached XP level 11. HP: 40/40 MP: 16/26
 24373 | Lair:4   | Noticed a four-headed hydra
 24383 | Lair:4   | Killed a four-headed hydra
 24511 | Lair:4   | Found a staircase to the Swamp.
 24714 | Lair:4   | Reached ****** piety under Elyvilon
 25711 | Lair:4   | Elyvilon protects you from harm!
 26785 | Lair:5   | Reached skill level 16 in Summonings
 26900 | Lair:5   | Noticed a death yak
 26900 | Lair:5   | Noticed a death yak
 26901 | Lair:5   | Noticed a death yak
 26901 | Lair:5   | Noticed a death yak
 26903 | Lair:5   | Noticed a death yak
 26926 | Lair:5   | Killed a death yak
 27087 | Lair:5   | Noticed an eight-headed hydra
 27301 | Lair:5   | Killed a death yak
 27302 | Lair:5   | Gained mutation: Your thick and shaggy fur keeps you warm.
                  | (AC +3, rC+) [Felid growth]
 27302 | Lair:5   | Reached XP level 12. HP: 20/44 MP: 2/27
 27320 | Lair:6   | Entered Level 6 of the Lair of Beasts
 27562 | Lair:5   | Identified the +4 falchion of Moderation {venom, rC- Int+6}
 27571 | Lair:5   | Killed an eight-headed hydra
 27752 | Lair:5   | Killed a death yak
 27753 | Lair:5   | Reached skill level 15 in Dodging
 27766 | Lair:5   | Killed a death yak
 27766 | Lair:5   | Killed a death yak
 28020 | Lair:5   | Noticed a death yak
 28020 | Lair:5   | Noticed a death yak
 28020 | Lair:5   | Noticed a death yak
 28020 | Lair:5   | Noticed a death yak
 28021 | Lair:5   | Noticed a death yak
 28021 | Lair:5   | Noticed a death yak
 28044 | Lair:5   | Killed a death yak
 28045 | Lair:5   | Killed a death yak
 28071 | Lair:5   | Killed a death yak
 28239 | Lair:5   | Killed a death yak
 28244 | Lair:5   | Killed a death yak
 28276 | Lair:5   | Killed a death yak
 28776 | Lair:6   | Reached skill level 17 in Summonings
 28996 | Lair:6   | Noticed a six-headed hydra
 29004 | Lair:6   | Noticed a seven-headed hydra
 29007 | Lair:6   | Killed a six-headed hydra
 29010 | Lair:6   | Killed a seven-headed hydra
 29271 | Lair:6   | Elyvilon protects you from harm!
 29323 | Lair:6   | Reached XP level 13. HP: 35/47 MP: 5/29
 29566 | Lair:6   | Found a large runed translucent door.
 29568 | Lair:6   | Found a large runed translucent door.
 29568 | Lair:6   | Noticed a fire dragon
 29804 | Lair:6   | Killed from afar by a lava snake
 29805 | Lair:6   | Reached XP level 12. HP: -5/44 MP: 9/37
 29810 | Lair:6   | Noticed an eight-headed hydra
 29848 | Lair:6   | Identified a scroll of acquirement
 29848 | Lair:6   | Acquired 879 gold pieces
 29849 | Lair:6   | Found a staircase to the Slime Pits.
 29866 | Lair:6   | Killed an eight-headed hydra
 31763 | Lair:6   | Slain by a black mamba

Illustrated notes

Levels and vault maps discovered:
D:1:      onia_arrival_pyramid, layout_loops_ring
D:2:      wad_pebble_path, layout_loops_ring, serial_shops, shop
D:3:      layout_basic, lemuel_tele_altar, old_standard_altar,
          ebering_ecumenical_altar_rust, grunt_decor_mini_mirrors,
          nicolae_wormholes, uniq_crazy_yiuf_cottage, uniq_robin
D:4:      layout_basic, vehumet_altar_wand_db, temple_hall,
          gammafunk_ghost_split, minivault_24, minmay_misc_feat_plants,
          uniq_ijyb
D:5:      layout_basic, led_sif_pool, serial_shops, shop, grunt_ministairs_8,
          minivault_19, patterned_corridor, uniq_pikel
D:6:      wander_guarded_unrand_ratskin, layout_basic
D:7:      layout_basic, amcnicky_altar_gilded, uniq_maggie
D:8:      layout_loops_cross, uniq_grum
D:9:      layout_basic, mainiacjoe_overflow_cross_hatched
D:10:     layout_stronghold, grunt_dithmenos_smoke_and_mirrors, slow_altar_2,
          grunt_lair_entry_orc_guard_hut, kennysheep_minor_cross, minmay_between
Temple:   zaba_magenta_temple
Lair:1:   layout_long_grid, kennysheep_rathole
Lair:2:   layout_regular_city
Lair:3:   layout_loops_ring, guppyfry_snake_entry_island, grunt_megastairs_4
Lair:4:   layout_gridlike, swamp_mist_pool
Lair:5:   slaughterhouse, layout_big_grid
Lair:6:   cheibrodos_lair_end_hotspot, layout_long_grid,
          minmay_slime_entry_pillars, st_stairs_6, chequers_serial_rivers_marsh,
          chequers_serial_rivers_micro_e, nicolae_lair_liquid_snakes

Skill      XL: |  1  2  3  4  5  6  7  8  9 10 11 12 |
---------------+-------------------------------------+-----
Dodging        | 3 4 5 7 8 11 14 16 | 16.1
Summonings     | 5 6 8 9 12 15 16 17 | 17.6
Spellcasting   | 3 5 6 10 9 11 | 11.6
Stealth        | |  2.6

Action                   |  1- 3 |  4- 6 |  7- 9 | 10-12 | 13-15 || total
-------------------------+-------+-------+-------+-------+-------++-------
Melee: Unarmed           |    13 |    30 |    44 |    69 |     1 ||   157
       Bite              |     2 |     3 |     7 |     9 |       ||    21
 Cast: Summon Small Mamm |    83 |    42 |    32 |    12 |       ||   169
       Call Canine Famil |     6 |    26 |    71 |   130 |     2 ||   235
       Summon Guardian G |       |     9 |    40 |   113 |     2 ||   164
       Summon Lightning  |       |       |    14 |    86 |     2 ||   102
       Summon Hydra      |       |       |       |    76 |     2 ||    78
Invok: Heal Self         |       |       |       |     4 |       ||     4
       Heal Other        |       |       |       |     1 |       ||     1
  Use: Scroll            |       |     9 |     4 |    11 |       ||    24
       Potion            |       |     1 |     1 |     2 |       ||     4
 Stab: Distracted        |     1 |     1 |     1 |     1 |       ||     4
       Sleeping          |       |       |     1 |       |       ||     1
Armor: Skin              |    13 |     4 |     7 |     8 |       ||    32
Dodge: Dodged            |    74 |    58 |   146 |   332 |     3 ||   613

Table legend: (Time is in decaauts)
 A = Elapsed time spent in this place.
 B = Non-inter-level travel time spent in this place.
 C = Inter-level travel time spent in this place.
 D = Time resting spent in this place.
 E = Time spent auto-exploring this place.
 F = Levels seen in this place.
 G = Mean time per level.
                   A        B        C        D        E       F      G
               +--------+--------+--------+--------+--------+-----+--------+
         Total |  29335 |  28071 |   1264 |  13724 |   9008 |  17 | 1725.6 |
       Dungeon |  16990 |  16158 |    832 |   7462 |   5492 |  10 | 1699.0 |
        Temple |     62 |     46 |     16 |      0 |     40 |   1 |   62.0 |
          Lair |  12281 |  11865 |    416 |   6262 |   3475 |   6 | 2046.8 |
               +--------+--------+--------+--------+--------+-----+--------+

Top non-repeatable levels by time:
  Lair:6: 2876 daAuts
     D:6: 2457 daAuts
  Lair:1: 2231 daAuts
  Lair:4: 2038 daAuts
  Lair:5: 1993 daAuts
     D:3: 1934 daAuts
  Lair:2: 1891 daAuts
     D:5: 1783 daAuts
     D:4: 1783 daAuts
    D:10: 1760 daAuts
     D:1: 1647 daAuts
     D:8: 1614 daAuts
     D:7: 1603 daAuts
     D:2: 1270 daAuts
  Lair:3: 1250 daAuts
